 Dungeon Crawl Stone Soup version 0.30-a0-29-g142975f185 (webtiles) character file.

Game seed: 12206670536636528708

99 timneilson the Shield-Bearer (level 4, -6/28 HPs)
             Began as a Gargoyle Fighter on Aug 27, 2022.
             Mangled by an iguana (11 damage)
             ... on level 4 of the Dungeon.
             The game lasted 00:02:19 (2073 turns).

timneilson the Shield-Bearer (Gargoyle Fighter)     Turns: 2073, Time: 00:02:20

Health: -6/28      AC:  6    Str: 22    XL:     4   Next: 72%
Magic:  4/4        EV:  6    Int:  8    God:
Gold:   126        SH:  4    Dex:  9    Spells: 3/3 levels left

rFire   . . .      SeeInvis .    a - +0 long sword
rCold   . . .      Faith    .    c - +0 buckler
rNeg    + . .      Spirit   .    b - +0 scale mail
rPois   ∞          Reflect  .    (no helmet)
rElec   +          Harm     .    (no cloak)
rCorr   .          Rampage  .    (no gloves)
Will    .....                    (no boots)
Stlth   ..........               (no amulet)
HPRegen 0.09/turn                (no ring)
MPRegen 0.09/turn                (no ring)

@: mighty, corroded, constricted
A: sickness immunity, AC +3, negative energy resistance 1, electricity
resistance, torment resistance 1, petrification resistance
a: no special abilities


You were on level 4 of the Dungeon.
You visited 1 branch of the dungeon, and saw 3 of its levels.

You collected 126 gold pieces.

Inventory:

Hand Weapons
 a - a +0 long sword (weapon)
Armour
 b - a +0 scale mail (worn)
 c - a +0 buckler (worn)
Scrolls
 f - 2 scrolls of identify
 l - 2 scrolls of noise {unknown}
Potions
 d - 2 potions of might
 e - a potion of attraction
 g - a potion of berserk rage {unknown}
 h - a potion of cancellation {unknown}
 i - a potion of brilliance {unknown}
 j - a potion of degeneration {unknown}
 k - 4 potions of curing {unknown}
 m - a potion of flight {unknown}


   Skills:
 + Level 3.5 Fighting
 * Level 2.7 Long Blades
 * Level 4.0 Armour
 + Level 0.7 Dodging
 * Level 4.2 Shields


You had 3 spell levels left.
You didn't know any spells.
Your spell library contained the following spells:

 Spells                   Type           Power      Damage    Failure   Level
 Ensorcelled Hibernation  Hex/Ice        0%         N/A       91%         2
 Spider Form              Tmut/Pois      0%         N/A       99%         3
 Anguish                  Hex/Necr       0%         N/A       100%        4


Dungeon Overview and Level Annotations

Branches:
Dungeon (2/15)

Altars:


Innate Abilities, Weirdness & Mutations

You are immune to sickness and miasma.
Your stone body is resilient. (AC +3)
You are immune to poison.
You resist negative energy. (rN+)
You are resistant to electric shocks. (rElec)
You are resistant to unholy torment.
You are immune to petrification.


Message History

The jelly hits you but does no damage. The iguana closely misses you.
You barely miss the jelly.
The jelly is moderately wounded.
The ball python barely misses you. You block the ball python's attack.
You block the iguana's attack. The jelly barely misses you.
You slash the jelly!
Your hands burn!
The jelly is almost dead.
The ball python bites you but does no damage.
You block the ball python's attack.
The iguana bites you but does no damage.
The jelly closely misses you.
The ball python bites you but does no damage.
The ball python barely misses you.
You slash the jelly!
You kill the jelly!
The ball python bites you but does no damage.
The ball python barely misses you. The iguana bites you.
The ball python barely misses you. The ball python grabs you.
The ball python constricts you. The iguana barely misses you.
Your Armour skill increases to level 4!
You hit the iguana.
The iguana is lightly wounded.
The ball python bites you but does no damage.
The ball python constricts you. The iguana barely misses you.
You slash the iguana!
The iguana is heavily wounded.
The ball python bites you but does no damage.
The ball python constricts you. You block the iguana's attack.
The ball python barely misses you. The ball python constricts you.
You barely miss the iguana.
The iguana is heavily wounded.
The iguana bites you!
* * * LOW HITPOINT WARNING * * *
The ball python bites you but does no damage.
The ball python constricts you.
You hit the iguana.
The iguana is severely wounded.
You block the ball python's attack. The ball python constricts you.
The iguana bites you!
You die...

..........#
.........#
........#
.......#
......#
#.....#
#l.S..#
#.@...#
#.....#
#.....#
#.....#
#######


You could see an iguana and a ball python.

Vanquished Creatures
  A jelly (D:4)
  A gnoll (D:1)
  An adder (D:2)
  A ball python (D:1)
  5 bats
  5 endoplasms
  3 giant cockroaches
  5 goblins
  7 hobgoblins
  5 kobolds
  2 quokkas (D:1)
  6 frilled lizards
  5 rats
47 creatures vanquished.

Notes
Turn   | Place    | Note
-------+----------+-------------------------------------------
     0 | D:1      | timneilson the Gargoyle Fighter began the quest for the
                  | Orb.
     0 | D:1      | Reached XP level 1. HP: 14/14 MP: 1/1
    52 | D:1      | Reached XP level 2. HP: 11/19 MP: 2/2
   408 | D:1      | Reached XP level 3. HP: 23/23 MP: 3/3
  1037 | D:1      | Found a faded altar of an unknown god.
  1614 | D:2      | Reached XP level 4. HP: 28/28 MP: 4/4
  1781 | D:2      | Identified the +9 rapier of the Modern Teeth {speed, rC-
                  | Will+ rCorr Dex+4}
  2058 | D:2      | You fall into a shaft and drop 2 floors!
  2073 | D:4      | Mangled by an iguana

Illustrated notes

Levels and vault maps discovered:
D:1:      psy_arrival_heroes, layout_basic, shapermc_ecumenical_altar_venn
D:2:      layout_basic, glass_columns_c, nrook_mini_vaults, st_stairs_3,
          minmay_diced_spiral
D:4:      layout_basic, okawaru_altar_gauntlet_db

Skill      XL: |  1  2  3  4 |
---------------+-------------+-----
Long Blades    | 2 |  2.7
Shields        | 4 |  4.2
Armour         | 4 |  4.0
Fighting       | |  3.5
Dodging        | |  0.7

Action                   |  1- 3 |  4- 6 || total
-------------------------+-------+-------++-------
Melee: Long sword        |   151 |    23 ||   174
  Use: Scroll            |     2 |       ||     2
       Potion            |       |     1 ||     1
Armor: Scale mail        |    93 |    18 ||   111
Dodge: Dodged            |    65 |    17 ||    82
Block: Buckler           |    47 |     9 ||    56

Table legend: (Time is in decaauts)
 A = Elapsed time spent in this place.
 B = Non-inter-level travel time spent in this place.
 C = Inter-level travel time spent in this place.
 D = Time resting spent in this place.
 E = Time spent auto-exploring this place.
 F = Levels seen in this place.
 G = Mean time per level.
                   A        B        C        D        E       F      G
               +--------+--------+--------+--------+--------+-----+--------+
         Total |   2129 |   2088 |     41 |      5 |   1685 |   3 |  709.7 |
       Dungeon |   2129 |   2088 |     41 |      5 |   1685 |   3 |  709.7 |
               +--------+--------+--------+--------+--------+-----+--------+

Top non-repeatable levels by time:
     D:1: 1195 daAuts
     D:2: 916 daAuts
     D:4: 17 daAuts
